 Dungeon Crawl Stone Soup version 0.24.0-125-gc4c63601f3 (webtiles) character file.

Game seed: 8228285495116158964, levelgen mode: deterministic

8615 Electrofox the Basher (level 11, -20/81 HPs)
             Began as a Formicid Fighter on Mar 17, 2020.
             Was a High Priest of Okawaru.
             Demolished by a death knight
             ... wielding a +1 morningstar
              (23 damage)
             ... on level 12 of the Dungeon.
             The game lasted 01:17:47 (12730 turns).

Electrofox the Basher (Formicid Fighter)           Turns: 12730, Time: 01:17:48

Health: -20/81     AC: 19    Str: 23    XL:     11   Next: 59%
Magic:  0/15       EV:  5    Int:  9    God:    Okawaru [*****.]
Gold:   663        SH: 10    Dex: 10    Spells: 10/10 levels left

rFire    . . .     SeeInvis +   a - +3 flail (protect)
rCold    + . .     Gourm    .   c - +0 shield
rNeg     . . .     Faith    .   R - +0 plate armour
rPois    .         Spirit   +   (helmet unavailable)
rElec    .         Reflect  .   B - scarf {Spirit}
rCorr    .         Harm     .   (no gloves)
MR       .....                  z - +0 pair of boots
Stlth    ..........             i - amulet of the acrobat
HPRegen  0.23/turn              C - +3 ring of slaying
MPRegen  0.14/turn              k - ring of protection from cold

@: vulnerable, protection aura, very slightly contaminated, invisible
A: permanent stasis, dig shafts and tunnels, four strong arms, antennae 3
a: Dig, Shaft Self, Heroism, Finesse, Renounce Religion


You were on level 12 of the Dungeon.
You worshipped Okawaru.
Okawaru was extremely pleased with you.
You were hungry.

You visited 2 branches of the dungeon, and saw 13 of its levels.
You also visited: Ice Cave.

You collected 711 gold pieces.
You spent 48 gold pieces at shops.

Inventory:

Hand Weapons
 a - a +3 flail of protection (weapon)
 b - a +0 hunting sling
 Q - a +2 whip of venom
Missiles
 n - 371 stones
 q - 16 curare-tipped darts
 N - 38 poisoned darts (quivered)
 P - 4 atropa-tipped darts
Armour
 c - a +0 shield (worn)
 z - a +0 pair of boots (worn)
 B - a scarf of spirit shield (worn)
 R - a +0 plate armour (worn)
Jewellery
 e - an uncursed ring of poison resistance
 i - an amulet of the acrobat (around neck)
 k - a ring of protection from cold (right hand)
 l - an uncursed amulet of the gourmand {unknown}
 o - an uncursed ring of fire
 s - a cursed amulet of inaccuracy {unknown}
 y - an uncursed amulet of regeneration {unknown}
 C - a +3 ring of slaying (left hand)
 E - an uncursed amulet of magic regeneration {unknown}
 O - an uncursed ring of positive energy
Wands
 h - a wand of flame (22)
 r - a wand of polymorph (9)
 L - a wand of acid (7)
Scrolls
 g - 2 scrolls of fog
 j - 2 scrolls of immolation
 p - 3 scrolls of amnesia
 v - a scroll of random uselessness {unknown}
 D - a scroll of blinking {unknown}
 G - a scroll of enchant weapon
 J - 3 scrolls of remove curse
 K - a scroll of enchant armour {unknown}
 S - a scroll of magic mapping {unknown}
Potions
 d - 2 potions of might
 m - a potion of mutation {unknown}
 t - 4 potions of curing
 u - 2 potions of lignification {unknown}
 F - 2 potions of brilliance
 H - a potion of flight {unknown}
 M - 2 potions of agility
Comestibles
 f - 15 rations
 x - 3 chunks of flesh


   Skills:
 + Level 6.0 Fighting
   Level 6.7(11.0) Axes
 - Level 13.4(14.0) Maces & Flails
 - Level 3.2 Armour
 + Level 6.6 Shields
 + Level 5.3 Invocations


You had 10 spell levels left.
You didn't know any spells.
Your spell library contained the following spells:

 Spells                   Type           Power        Failure   Level  Hunger
 Corona                   Hex            #......      100%        1    ##.....
 Freeze                   Ice            #...         100%        1    ##.....
 Magic Dart               Conj           #...         100%        1    ##.....
 Call Imp                 Summ           #.......     100%        2    ###....
 Ensorcelled Hibernation  Hex/Ice        #.....       100%        2    ###....
 Slow                     Hex            #.......     100%        2    ###....
 Throw Frost              Conj/Ice       #.....       100%        2    ###....
 Confuse                  Hex            #.......     100%        3    ####...
 Conjure Flame            Conj/Fire      #.......     100%        3    ####...
 Dazzling Spray           Conj/Hex       #.....       100%        3    ####...
 Inner Flame              Hex/Fire       #.......     100%        3    ####...
 Mephitic Cloud           Conj/Pois/Air  #.......     100%        3    ####...
 Ozocubu's Armour         Chrm/Ice       #.......     100%        3    ####...
 Portal Projectile        Hex/Tloc       #.....       100%        3    ####...
 Tukima's Dance           Hex            #.......     100%        3    ####...
 Cause Fear               Hex            #.........   100%        4    #####..
 Leda's Liquefaction      Hex/Erth       #.........   100%        4    #####..
 Summon Ice Beast         Ice/Summ       #.......     100%        4    #####..
 Throw Icicle             Conj/Ice       #.......     100%        4    #####..
 Blink                    Tloc           Unusable     N/A         2    N/A

Dungeon Overview and Level Annotations

Branches:
Dungeon (12/15)            Temple (1/1) D:4            Lair (0/6) D:8
  IceCv (visited)
    Orc: D:9-12

Altars:
Ashenzari
Cheibriados
Dithmenos
Elyvilon
Fedhas
Gozag
Hepliaklqana
Kikubaaqudgha
Makhleb
Nemelex Xobeh
Okawaru
Qazlal
Ru
Sif Muna
Trog
Uskayaw
Vehumet
Wu Jian
Xom
Yredelemnul
Zin
The Shining One

Shops:
D:7 *   D:8 }   D:9 (

Annotations:
D:3 1 runed translucent door, exclusion: door, Crazy Yiuf
D:6 exclusion: door


Innate Abilities, Weirdness & Mutations

You cannot be hasted, slowed, berserked, paralysed or teleported.
You can dig through walls and to a lower floor.
Your four strong arms can wield two-handed weapons with a shield.
You have a pair of large antennae on your head. (SInv)


Message History

The phantasmal warrior is moderately damaged.
You block the phantasmal warrior's attack.
You block the death knight's attack.
You hit the phantasmal warrior.
The phantasmal warrior is moderately damaged.
You block the worker ant's attack. The phantasmal warrior hits you!
* * * LOW HITPOINT WARNING * * *
The centaur warrior zombie hits you but does no damage.
You thump the phantasmal warrior!
The phantasmal warrior is heavily damaged.
The death knight invokes the aid of Yredelemnul against the phantasmal warrior.
The phantasmal warrior is unaffected.
The worker ant bites you but does no damage.
The centaur warrior zombie hits you but does no damage.
You hit the phantasmal warrior.
The phantasmal warrior is heavily damaged.
The phantasmal warrior barely misses you.
The ice beast barely misses you.
The death knight hits you with a +1 morningstar!!
You die...

###...##.##..#.##
...Y.{..#<.......
#..#....#..#.##
#..#....#...#
#####..#.#.#...##
##......#.#.##..###
......[........h..
.###...#######.YZ##
.......# #lW@#
......##


#Wpa# ......# #.xW. .....## #W#### #...## #. ##.## .. ##.## ## #...########
...........# You could see a death knight, a phantasmal warrior, a komodo
dragon, a freezing wraith, an unseen horror (invisible), 2 wraiths, a black
bear, an ice beast, a worker ant and a centaur warrior zombie.

Vanquished Creatures
  Sonja (D:10)
  2 trolls
  3 hippogriffs
  9 yaks
  2 basilisks (D:8)
  A hungry ghost (D:9)
  A water moccasin (D:9)
  An ice beast (D:10)
  2 orc warriors
  5 sky beasts
  2 black bears (D:7)
  2 phantoms
  5 ogres
  2 centaurs
  4 big kobolds
  7 bullfrogs
  A water moccasin zombie (D:5)
  2 scorpions
  15 killer bees
  A howler monkey (D:2)
  A crimson imp (D:10)
  2 bullfrog zombies
  A centaur skeleton (D:5)
  A centaur zombie (D:9)
  9 orc priests
  2 jellies
  A quasit (D:9)
  3 bullfrog skeletons
  9 hounds
  5 iguanas
  11 orc wizards
  12 worker ants
  5 hound skeletons
  A howler monkey zombie (D:8)
  2 worker ant zombies
  15 gnolls
  13 adders
  3 oozes
  An adder zombie (D:5)
  2 adder skeletons
  4 worms
  A dart slug (D:4)
  3 leopard geckos
  47 orcs
  7 giant cockroaches
  8 hobgoblins
  11 jackals
  24 kobolds
  5 quokkas
  3 ball pythons
  5 bats
  6 frilled lizards
  7 goblins
  A jackal skeleton (D:5)
  A jackal zombie (D:7)
  7 rats
  A spectral orc (D:5)
308 creatures vanquished.

Vanquished Creatures (others)
  3 plants (D:3)
3 creatures vanquished.

Grand Total: 311 creatures vanquished

Notes
Turn   | Place    | Note
-------+----------+-------------------------------------------
     0 | D:1      | Electrofox the Formicid Fighter began the quest for the
                  | Orb.
     0 | D:1      | Reached XP level 1. HP: 18/18 MP: 1/1
   103 | D:1      | Reached XP level 2. HP: 24/24 MP: 2/2
   489 | D:1      | Reached XP level 3. HP: 29/29 MP: 3/3
   888 | D:2      | Found a faded altar of an unknown god.
  1152 | D:2      | Reached XP level 4. HP: 31/35 MP: 4/4
  1702 | D:2      | Reached skill level 5 in Axes
  1702 | D:2      | Reached XP level 5. HP: 41/41 MP: 5/5
  2640 | D:3      | Reached XP level 6. HP: 47/47 MP: 6/6
  3476 | D:3      | Found a runed translucent door.
  3477 | D:3      | Noticed Crazy Yiuf
  3615 | D:4      | Noticed an ogre
  3625 | D:3      | Reached skill level 1 in Maces & Flails
  3625 | D:3      | Reached XP level 7. HP: 45/52 MP: 7/7
  3782 | D:4      | Reached skill level 2 in Maces & Flails
  4287 | D:4      | Reached skill level 3 in Maces & Flails
  4501 | D:4      | Found a staircase to the Ecumenical Temple.
  4524 | Temple   | Entered the Ecumenical Temple
  4710 | Temple   | Became a worshipper of Warmaster Okawaru
  4833 | D:4      | Reached skill level 4 in Maces & Flails
  4904 | D:4      | Reached skill level 5 in Maces & Flails
  4904 | D:4      | Reached XP level 8. HP: 46/58 MP: 8/8
  4978 | D:4      | Reached * piety under Okawaru
  5029 | D:4      | Reached skill level 6 in Maces & Flails
  5597 | D:5      | Entered Level 5 of the Dungeon
  5826 | D:5      | Reached skill level 7 in Maces & Flails
  5944 | D:5      | Found a snail-covered altar of Cheibriados.
  5944 | D:5      | Found a burning altar of Makhleb.
  5945 | D:5      | Found a blossoming altar of Fedhas.
  5963 | D:5      | Found a basalt altar of Yredelemnul.
  6278 | D:5      | Found a radiant altar of Vehumet.
  6566 | D:6      | Reached ** piety under Okawaru
  6619 | D:6      | Reached skill level 8 in Maces & Flails
  6701 | D:6      | Reached XP level 9. HP: 64/64 MP: 9/9
  7621 | D:7      | Reached skill level 9 in Maces & Flails
  7727 | D:7      | Found a hide-covered altar of Uskayaw.
  7974 | D:7      | Found Ase Zats's General Store.
  8063 | D:7      | Reached skill level 10 in Maces & Flails
  8158 | D:7      | Found a bloodstained altar of Trog.
  8203 | D:7      | Bought a scroll of noise for 12 gold pieces
  8203 | D:7      | Bought a scroll of remove curse for 36 gold pieces
  8236 | D:7      | Found a hazy altar of Hepliaklqana.
  8629 | D:8      | Found an opulent altar of Gozag.
  8694 | D:8      | Reached *** piety under Okawaru
  8817 | D:8      | Found a staircase to the Lair.
  8817 | D:8      | Noticed a hippogriff
  8851 | D:8      | Killed a hippogriff
  8851 | D:8      | Reached skill level 11 in Maces & Flails
  8851 | D:8      | Reached XP level 10. HP: 46/70 MP: 6/10
  9085 | D:8      | Found Kufutugi's Gadget Boutique.
  9367 | D:8      | Reached **** piety under Okawaru
  9367 | D:8      | Reached skill level 12 in Maces & Flails
 10761 | D:9      | Reached skill level 1 in Invocations
 11122 | D:9      | Reached ***** piety under Okawaru
 11257 | D:9      | Reached XP level 11. HP: 77/78 MP: 11/13
 11268 | D:9      | Reached skill level 13 in Maces & Flails
 11310 | D:9      | Reached skill level 5 in Shields
 11541 | D:9      | Found Quel's Antique Weapon Emporium.
 11581 | D:10     | Entered Level 10 of the Dungeon
 11646 | D:10     | Reached skill level 5 in Fighting
 11791 | D:10     | Noticed Sonja
 11822 | D:10     | Killed Sonja
 12111 | D:10     | Reached skill level 5 in Invocations
 12409 | D:10     | You fall into a shaft and drop 2 floors!
 12655 | D:11     | Noticed a two-headed ogre
 12668 | D:11     | Found a frozen archway.
 12672 | D:11     | Noticed a manticore
 12677 | IceCv    | Entered an ice cave
 12690 | IceCv    | HP: 4/81 [wolf spider simulacrum (10)]
 12719 | D:12     | Noticed a death knight
 12719 | D:12     | Noticed a phantasmal warrior
 12722 | D:12     | Noticed an unseen horror
 12728 | D:12     | HP: 3/81 [phantasmal warrior[a death knight] (12)]
 12730 | D:12     | Demolished by a death knight

Levels and vault maps discovered:
D:1:      nzn_arrival_depleted_hourglass, layout_basic
D:2:      layout_loops_corners, chequers_ecumenical_altar_grove
D:3:      layout_loops_ring, first_ration, serial_bayou_lagoon_a,
          uniq_crazy_yiuf_cottage
D:4:      minmay_recursive_quarters, layout_basic, minmay_temple_entry_hall
D:5:      layout_loops_ring, kennysheep_mini, gammafunk_temple_overflow_claw,
          yredelemnul_forgotten_temple_becter
D:6:      layout_basic
D:7:      cheibrodos_quashed, layout_rooms, marbit_many_paths,
          overflow_temple_1_default, trog_ov_bears_minmay, serial_shops,
          nicolae_shop_trees
D:8:      layout_layer_cave, nicolae_gozag_cash_rules_everything_around_me,
          david_lair_generic, serial_shops, shop, serial_bayou_pond_e
D:9:      layout_roguey, serial_shops, nicolae_shop_overgrown_old_shop
D:10:     layout_irregular_city, uniq_sonja
D:11:     layout_cave_pods, basic_altar, gauntlet_entry_generic,
          portal_ice_cave_entry_pillars_1
D:12:     layout_loops_ring, erik_orc_3
Temple:   nicolae_temple_figure_eight

Skill      XL: |  1  2  3  4  5  6  7  8  9 10 11 |
---------------+----------------------------------+-----
Axes           | 3 4 5 6 |  6.7
Maces & Flails | 1 5 8 11 12 13 | 13.4
Invocations    | 2 5 |  5.3
Shields        | 4 6 |  6.6
Fighting       | 4 6 |  6.0
Armour         | |  3.2

Action                   |  1- 3 |  4- 6 |  7- 9 | 10-12 || total
-------------------------+-------+-------+-------+-------++-------
Melee: War axe           |    67 |   180 |       |       ||   247
       Flail             |       |    17 |   403 |   519 ||   939
 Fire: Hunting sling     |       |       |       |    11 ||    11
Throw: Stone             |       |       |    37 |     3 ||    40
       Dart              |       |       |       |    11 ||    11
Invok: Heroism           |       |       |       |     1 ||     1
       Finesse           |       |       |       |     1 ||     1
  Use: Scroll            |       |       |     5 |     8 ||    13
       Potion            |       |       |     1 |     4 ||     5
  Eat: Chunk             |       |     8 |    11 |    15 ||    34
       Ration            |       |       |     2 |       ||     2
Armor: Scale mail        |    24 |    73 |   129 |       ||   226
       Chain mail        |       |       |    10 |   107 ||   117
       Plate armour      |       |       |       |   114 ||   114
Dodge: Dodged            |    14 |    54 |   115 |   138 ||   321
Block: Shield            |    26 |    82 |   158 |   279 ||   545
